Map: Catalyst LE

Players

SKillous (Elroye) - Winner!

  • Race: Zerg Zerg
  • Spawn Location: 11:00

Crow

  • Race: Zerg Zerg
  • Spawn Location: 5:00

Event: WCS Valencia 2018

VOD

Have the link to the VOD?

Description

Time

  • Played on: July 12, 2018, 8:35 a.m.
  • Length: 7:27

All games in this series

Show
View Real Time Build Order
Export as new Build Order

SKillous Zerg - Winner!

Build Orders: Pool First 

Get SALT Encoding   

  12  0:17  Spawning Pool  
  11  0:22  Drone  
  11  0:27  Drone  
  13  0:32  Drone  
  14  0:39  Overlord  
  14  1:04  Zergling x4  
  14  1:05  Zergling x2, Queen  
  19  1:15  Zergling x2  
  20  1:27  Zergling x2  
  21  1:35  Hatchery  
  21  1:38  Zergling x2  
  21  1:48  Overlord  
  21  1:59  Queen  
  21  2:00  Extractor  
  23  2:08  Drone  
  23  2:13  Drone  
  23  2:14  Drone  
  23  2:15  Drone  
  27  2:21  Drone  
  28  2:26  Drone  
  29  2:35  Drone  
  30  2:41  Queen  
  29  2:52  Queen  
  29  2:54  Drone x2  
  33  3:01  Spine Crawler  
  33  3:05  Drone  
  33  3:12  Drone  
  34  3:15  Drone  
  35  3:20  Drone  
  36  3:29  Extractor x2, Overlord  
  36  3:30  Drone x2  
  36  3:37  Overlord  
  36  3:47  Drone x2  
  36  3:48  Drone x2  
  40  3:49  Drone x2  
  40  3:50  Drone  
  40  3:54  Drone  
  44  3:59  Drone x3  
  44  4:00  Evolution Chamber  
  44  4:02  Drone  
  47  4:06  Drone  
  48  4:18  Roach Warren  
  47  4:26  Drone x5  
  47  4:29  Lair  
  47  4:30  Extractor  
  51  4:33  Overlord  
  51  4:35  Overlord  
  51  4:46  Zerg Missile Weapons Level 1  
  51  4:49  Overlord  
  51  5:04  Drone x3  
  51  5:08  Roach x3  
  57  5:20  Roach x2  
  57  5:21  Roach x2  
  65  5:22  Hatchery  
  65  5:24  Overlord  
  65  5:28  Glial Reconstitution  
  64  5:29  Roach  
  64  5:30  Roach  
  64  5:31  Overlord x2  
  68  5:41  Overseer  
  68  5:43  Roach  
  68  5:44  Roach x2  
  68  5:47  Overlord  
  74  5:53  Roach x3  
  80  5:58  Roach x2  
  80  6:01  Overlord  
  84  6:07  Roach x3  
  90  6:14  Roach  
  92  6:20  Roach  
  92  6:25  Roach x3  
  100  6:31  Overlord  
  100  6:41  Roach x3  
  100  6:43  Overlord  
  106  6:49  Overlord, Roach x3  
  106  6:51  Roach  
  114  7:01  Roach x6  
  122  7:07  Roach  
Show
View Real Time Build Order
Export as new Build Order

Crow Zerg 

Build Orders: Hatch First 

Get SALT Encoding   

  12  0:00  Drone  
  13  0:12  Overlord  
  13  0:17  Drone  
  14  0:30  Drone x2  
  16  0:49  Hatchery  
  15  0:52  Drone  
  15  0:56  Drone  
  17  0:59  Drone  
  18  1:10  Extractor  
  17  1:14  Spawning Pool  
  17  1:18  Drone  
  17  1:21  Drone  
  18  1:27  Drone  
  19  2:01  Queen x2  
  19  2:02  Zergling x8  
  19  2:06  Spine Crawler  
  26  2:13  Metabolic Boost  
  26  2:21  Zergling x2  
  27  2:27  Zergling x2  
  27  2:29  Zergling x2  
  24  3:01  Hatchery  
  24  3:02  Overlord  
  23  3:09  Overlord  
  23  3:27  Overlord, Queen  
  23  3:31  Drone  
  26  3:36  Drone  
  27  3:43  Drone  
  28  3:52  Baneling Nest  
  28  3:55  Evolution Chamber  
  27  3:56  Drone  
  28  4:03  Drone  
  29  4:14  Drone x2  
  31  4:22  Drone  
  31  4:23  Drone x2  
  34  4:25  Zerg Missile Weapons Level 1  
  34  4:32  Drone x2  
  34  4:36  Drone  
  37  4:42  Drone  
  38  4:48  Drone x2  
  38  4:49  Drone  
  38  4:50  Extractor  
  40  4:53  Overlord  
  40  4:57  Drone  
  40  4:58  Drone  
  41  5:07  Roach Warren  
  41  5:08  Drone x2  
  41  5:10  Drone  
  41  5:14  Overlord  
  44  5:21  Drone x3  
  44  5:26  Overlord  
  45  5:31  Lair  
  45  5:35  Drone x2  
  47  5:37  Drone  
  48  5:50  Hatchery  
  48  5:56  Roach x2  
  51  5:57  Extractor  
  51  6:00  Roach x2  
  54  6:05  Roach  
  54  6:06  Roach  
  58  6:11  Overlord  
  58  6:12  Roach  
  58  6:13  Drone  
  58  6:14  Drone  
  58  6:17  Drone  
  63  6:20  Overlord  
  63  6:25  Overlord  
  63  6:29  Roach x2  
  67  6:35  Roach x2  
  67  6:37  Roach  
  73  6:40  Roach  
  73  6:46  Roach  
  73  6:47  Roach  
  79  6:51  Roach  
  79  6:52  Overlord  
  78  7:01  Roach  
  78  7:02  Roach x3  
  78  7:05  Roach  
Tags
 
Add a new tag
Caveats
  • Supply blocks, unpowered buildings, or Contaminate may cause inaccurate times.
  • Supply counts are checked every 10 seconds.